[Event "Match/Team URS-World 20,5-19,5"]
[Site "Belgrade"]
[Date "1970.04.04"]
[Round "4.8"]
[White "Botvinnik, Mikhail"]
[Black "Matulovic, Milan"]
[Result "1/2-1/2"]
[ECO "A89"]
[WhiteElo "2640"]
[BlackElo "2560"]
[Annotator "Botvinnik/Matulovic"]
[PlyCount "126"]
[EventDate "1970.03.29"]
[EventType "team"]
[EventRounds "4"]
[EventCountry "YUG"]
[SourceTitle "MCL"]
[Source "ChessBase"]
[SourceDate "1999.07.01"]
[SourceVersion "1"]
[SourceVersionDate "1999.07.01"]
[SourceQuality "1"]
[WhiteTeam "Soviet Union"]
[BlackTeam "World"]
[WhiteTeamCountry "URS"]
[TimeControl "40/9000:16/5400:0"]

1. Nf3 g6 2. c4 Bg7 3. d4 f5 4. g3 Nf6 5. Bg2 O-O 6. O-O d6 7. Nc3 Nc6 8. d5
Na5 (8... Ne5 {Gligoric-Larsen} 9. Nxe5 dxe5 10. e4 $16 {Matulovic=:M}) 9. Nd2
c5 10. a3 (10. Qc2 $143 {M}) 10... Bd7 {Tal} (10... e5 11. b4 $16 {Botvinnik=:B
}) 11. Qc2 (11. b4 cxb4 12. axb4 Nxc4 $1 13. Nxc4 Qc7 $1 14. Qb3 Rfc8 $17 {B/I}
) 11... Qc7 12. b3 a6 13. Bb2 b5 14. Nd1 {/\ 15.cb ab 16.b4 M} (14. Rab1 Rab8
15. Nd1 {M}) 14... bxc4 15. bxc4 Rab8 16. Bc3 Ng4 (16... Rb7 {B}) (16... e5 $2
17. dxe6 Bxe6 18. Qa4 $1 $16 {M}) 17. Bxg7 Kxg7 18. Qc3+ Kg8 19. Nb2 Rb7 20.
Nd3 Rfb8 21. Rab1 Rxb1 22. Rxb1 Rxb1+ 23. Nxb1 Qb6 24. Nd2 Nf6 25. h3 $1 {B}
Kf7 $6 {M} (25... Nb7 {/\ Nd8-f7->g5 M}) 26. Kh2 $16 {M} Nb7 27. e4 $6 {
[%eval -32767,0] /\ 28.e5 M} fxe4 $8 28. Nxe4 Nd8 (28... Qb1 29. Nd2 Qa2 (29...
Qd1 30. Bf3) 30. Nc1 $18 {B}) 29. Ng5+ (29. Nf4 $142 {[%eval -32767,0] /\
Ng5-h7, Qh8,/g4-g5 B}) 29... Ke8 30. Nf4 Nf7 31. Nfe6 (31. Nxh7 Nxh7 32. Qg7
Nf8 33. Be4 Ne5 {B}) 31... Nxg5 32. Nxg5 Qb1 $14 {M} 33. Be4 Qa2 $1 {B} (33...
Qf1 34. Qb2 {B}) 34. Kg2 Bf5 $2 {M} (34... Ba4 $1 {/\ 35... Ne4 =/+ M}) 35.
Bxf5 gxf5 36. Qd3 (36. Ne6 Qxf2+ {B}) 36... h6 37. Ne6 Ne4 (37... Kf7 {B}) 38.
Qf3 Qxc4 39. Qh5+ Kd7 40. Qxf5 Nf6 $1 {B adjourned} 41. Nxc5+ Ke8 (41... Kd8 {
41... Kc7} 42. Ne6+ {[%eval 0,0] /\ 43.Nf4}) 42. Qg6+ Kd8 43. Ne6+ Kd7 44. Nf4
Nxd5 45. Qxh6 (45. Qf5+ Kc6 46. Qc8+ Nc7 {B} (46... Kb5 47. a4+)) 45... Qe4+
46. Kh2 Qe1 (46... Qf3 47. Qe6+ {B}) (46... Nxf4 47. Qxf4 Qxf4 48. gxf4 Ke6 49.
Kg3 Kf5 50. Kf3 {B}) 47. Nd3 Qc3 48. Qg6 Qxa3 49. h4 (49. g4 {[%eval 0,0] /\ g5
}) 49... Qc3 50. h5 Qf6 51. Qg4+ (51. Qxf6 $10 {M}) 51... e6 52. Qa4+ Ke7 53.
Qxa6 Qf3 (53... Qf5 {B}) 54. Qa7+ Kd8 (54... Ke8 $6 {/\ Qg6+ M}) (54... Kf6 55.
Qh7 $16 {M}) 55. Qh7 Nf6 56. Qh8+ Kd7 57. Qg7+ Kc6 58. h6 Ng4+ 59. Kg1 Qd1+ (
59... Nxh6 $2 60. Qxh6 Qxd3 61. Qxe6 {B/M}) 60. Kg2 Qe2 61. Kh3 (61. Qc3+ Kd7
62. Qd4 e5 63. Qa7+ Ke6 64. h7 Qxd3 65. Qa2+ {B}) (61. Qg5 e5 62. h7 Qe4+ 63.
Kg1 Qxh7 64. Nb4+ Kb5 65. Qxg4 Qb1+ 66. Kg2 Qxb4 $10 {M}) 61... Nxh6 62. Qxh6
Qxd3 63. Qxe6 Qf1+ 1/2-1/2